[Event "Titled Tuesday Blitz January 17 Early 2023"]
[White "Forgacs, Attila Jr."]
[Black "Royal, Shreyas"]
[WhiteFideId "773654"]
[BlackFideId "448869"]
[WhiteElo "2264"]
[BlackElo "2438"]
[Result "0-1"]
[Round "04"]
[TimeControl "180+2"]
[Date "2023.01.17"]
[WhiteClock "0:01:33"]
[BlackClock "0:02:22"]

1. e4 e5 2. Nf3 Nc6 3. Bb5 a6 4. Ba4 Nf6 5. O-O Be7 6. Re1 b5 7. Bb3 O-O 8. a4 Rb8 9. d3 d6 10. c3 Na5 11. Bc2 c5 12. axb5 axb5 13. Nbd2 Qc7 14. Nf1 Be6 15. h3 Rfd8 16. Ng3 Nc6 17. Be3 d5 18. exd5 Nxd5 19. d4 exd4 20. cxd4 Nxe3 21. fxe3 Qxg3 22. Qd3 g6 23. Ra6 Nb4 24. Qc3 Nxa6 0-1


[Site "https://www.chess.com"]

[Event "Titled Tuesday Blitz January 17 Early 2023"]
[White "Gressmann, Moritz"]
[Black "Pfreundt, Jakob"]
[WhiteFideId "24695084"]
[BlackFideId "12918156"]
[WhiteElo "2129"]
[BlackElo "2407"]
[Result "0-1"]
[Round "04"]
[TimeControl "180+2"]
[Date "2023.01.17"]
[WhiteClock "0:00:46"]
[BlackClock "0:01:25"]

1. b3 e5 2. Bb2 Nc6 3. e3 g6 4. Nf3 Bg7 5. d4 e4 6. Nfd2 f5 7. c4 d6 8. Qc2 Nf6 9. a3 O-O 10. Be2 f4 11. exf4 Bf5 12. O-O e3 13. Qd1 exd2 14. Nxd2 Nh5 15. g4 Nxf4 16. gxf5 Qg5+ 17. Bg4 gxf5 18. f3 fxg4 19. fxg4 Rae8 20. Kh1 Re2 21. Rxf4 Rxd2 22. Rxf8+ Bxf8 23. Qc1 Qe3 0-1


[Site "https://www.chess.com"]

[Event "Titled Tuesday Blitz January 17 Early 2023"]
[White "Rangel, Daniel"]
[Black "Marn, Jan"]
[WhiteFideId "2124475"]
[BlackFideId "14619245"]
[WhiteElo "2207"]
[BlackElo "2345"]
[Result "1-0"]
[Round "04"]
[TimeControl "180+2"]
[Date "2023.01.17"]
[WhiteClock "0:00:20"]
[BlackClock "0:00:05"]

1. c4 e6 2. g3 d5 3. Bg2 Nf6 4. Nf3 dxc4 5. O-O Nbd7 6. Qa4 a6 7. Qxc4 b5 8. Qb3 Bb7 9. d4 c5 10. Rd1 Qb6 11. Be3 Nd5 12. dxc5 Nxc5 13. Bxc5 Bxc5 14. e3 O-O 15. Nc3 Rfd8 16. Nd4 Rac8 17. Nxd5 Bxd5 18. Bxd5 Rxd5 19. Ne2 Rcd8 20. Nc3 Rxd1+ 21. Rxd1 Rxd1+ 22. Qxd1 g6 23. Qd7 Qd6 24. Qc8+ Kg7 25. Qb7 Qd2 26. Ne4 Bf8 27. Ng5 Qd1+ 28. Kg2 Qd5+ 29. Qxd5 exd5 30. Nf3 Kf6 31. Kf1 Bc5 32. Ke2 h5 33. h4 Ke7 34. Kd3 Kd6 35. b3 Bb4 36. Ng5 Ke7 37. Nh3 Bd6 38. Ng1 Ke6 39. Ne2 Be5 40. Kd2 Kd6 41. Nc1 Ke6 42. Nd3 Bd6 43. Kc3 a5 44. Kd4 a4 45. Nc5+ Bxc5+ 46. Kxc5 axb3 47. axb3 Ke5 48. Kxb5 Ke4 49. Kc5 Kf3 50. Kxd5 Kxf2 51. b4 Kxg3 52. b5 g5 53. hxg5 h4 54. b6 h3 55. b7 Kg2 56. b8=Q h2 57. Qb2+ Kg3 58. Qc1 Kg2 59. Qd2+ Kg1 60. Qe1+ Kg2 61. Ke5 h1=Q 62. Qxh1+ Kxh1 63. Kf6 Kg2 64. Kxf7 1-0


[Site "https://www.chess.com"]

[Event "Titled Tuesday Blitz January 17 Early 2023"]
[White "Mouhamad, Joachim"]
[Black "Tasev, Dejan"]
[WhiteFideId "656410"]
[BlackFideId "936618"]
[WhiteElo "2238"]
[BlackElo "2205"]
[Result "0-1"]
[Round "04"]
[TimeControl "180+2"]
[Date "2023.01.17"]
[WhiteClock "0:02:32"]
[BlackClock "0:02:45"]

1. e4 c5 2. Nf3 Nc6 3. d4 cxd4 4. Nxd4 g6 5. c4 Bg7 6. Be3 Nf6 7. Nc3 d6 8. Be2 O-O 9. O-O Bd7 10. h3 a6 11. Qd2 Rc8 12. Rac1 Nxd4 13. Bxd4 Bc6 14. Qc2 Nd7 15. Bg4 Bxd4 0-1


[Site "https://www.chess.com"]

[Event "Titled Tuesday Blitz January 17 Early 2023"]
[White "Buscar, Michael"]
[Black "Ismagilov, Damir"]
[WhiteFideId "2603616"]
[BlackFideId "34199982"]
[WhiteElo "2041"]
[BlackElo "2156"]
[Result "1/2-1/2"]
[Round "04"]
[TimeControl "180+2"]
[Date "2023.01.17"]
[WhiteClock "0:00:50"]
[BlackClock "0:01:12"]

1. d4 Nf6 2. c4 e6 3. Nc3 Bb4 4. e3 O-O 5. Bd3 d5 6. Ne2 dxc4 7. Bxc4 c5 8. a3 Bxc3+ 9. Nxc3 cxd4 10. exd4 Nc6 11. Be3 b6 12. O-O Bb7 13. Bg5 Qxd4 14. Qxd4 Nxd4 15. Rfd1 Rfd8 16. Nb5 Nxb5 17. Bxb5 Rd5 18. Rxd5 Nxd5 19. Rc1 Rc8 20. Rxc8+ Bxc8 21. f3 f6 22. Bd2 a6 23. Bc4 Ne7 24. a4 Nc6 25. b4 Ne5 26. Bb3 b5 27. axb5 axb5 28. Kf2 Kf7 29. Bc3 Nc6 30. f4 Ne7 31. Ke3 Bb7 32. g4 Bd5 33. Bc2 Bc4 34. Kd4 h6 35. Kc5 g5 36. fxg5 hxg5 37. Bd1 f5 38. gxf5 exf5 39. Bf3 g4 40. Bc6 Nxc6 41. Kxc6 Kg6 42. Kc5 f4 43. Kd4 Kf5 44. Bd2 Bf1 45. Be1 Bc4 46. Bf2 Ba2 47. Bh4 Bb1 48. Bf2 Kg5 49. Ke5 Bd3 50. Be1 g3 51. hxg3 f3 52. Bf2 Kg4 53. Kd4 Be2 54. Ke3 Kh3 55. Be1 Kg2 56. g4 Bc4 57. g5 Bf7 58. Bf2 Bh5 59. Bh4 Kh3 60. Bf2 Kg4 61. Be1 Kxg5 62. Kf2 Kf5 63. Bd2 Ke4 64. Be3 Kd3 65. Bc5 Kc4 66. Bf8 Bg4 67. Be7 Bh5 68. Bf8 Kd5 69. Be7 Ke6 70. Bf8 Kf7 71. Bc5 Kg6 72. Be3 Kf5 73. Bc5 Ke6 74. Bf8 Kf7 75. Bc5 Kf6 76. Bd6 Bg4 77. Bc5 Bd7 78. Be3 Bc6 79. Bc5 Kf5 80. Be3 Ke4 81. Bc5 Kd3 82. Bf8 Kc4 83. Bc5 Kd5 84. Bf8 Ke6 85. Bc5 Kf6 86. Bd6 Kf7 87. Bc5 Ke6 88. Be3 Kd5 89. Bc5 Kc4 90. Bf8 Kc3 91. Be7 Kb3 92. Bc5 Kc2 93. Bf8 Kd3 94. Be7 Ke4 95. Bf8 Kd5 96. Be7 Bd7 97. Bf8 Ke6 98. Kxf3 Kf7 99. Bc5 Ke6 100. Ke3 Kd5 101. Kd3 Bf5+ 102. Kc3 Bh3 103. Be3 Bf1 104. Bd2 Bc4 105. Be1 Ke4 106. Bf2 Kf3 107. Bg1 Ke2 108. Kd4 Kd1 109. Kc5 Kc2 110. Bd4 Kb3 111. Be5 Kc2 112. Bd6 Kd3 113. Bf8 Ke4 114. Be7 Kf5 115. Bf8 Ke4 116. Bd6 Kf5 117. Bf8 Kg6 118. Bd6 Kf7 119. Bc7 Ke6 120. Bd6 Kd7 121. Bf8 Ke8 122. Bd6 Kf7 123. Bc7 Ke6 124. Bb6 Kf5 125. Bc7 Ke4 126. Ba5 Kd3 127. Bb6 Kc2 128. Ba5 Kb3 129. Bb6 Ka4 130. Ba5 Bf1 131. Bb6 Bh3 132. Ba5 Be6 133. Bb6 Bc4 134. Ba5 Kb3 135. Bb6 Kc2 136. Ba5 Kd3 137. Bb6 Ke4 138. Ba5 Kf5 139. Bb6 Kf6 140. Ba5 Ke7 141. Bb6 Kd7 142. Ba5 Kc8 143. Bb6 Kb7 144. Ba5 Ka6 145. Bb6 Bb3 146. Ba5 Bc4 147. Bb6 Bf1 148. Ba5 1/2-1/2


[Site "https://www.chess.com"]

[Event "Titled Tuesday Blitz January 17 Early 2023"]
[White "Devaev, Alexander"]
[Black "Hamley, Ryan"]
[WhiteFideId "4169395"]
[BlackFideId "30959497"]
[WhiteElo "2325"]
[BlackElo "2092"]
[Result "1-0"]
[Round "04"]
[TimeControl "180+2"]
[Date "2023.01.17"]
[WhiteClock "0:01:10"]
[BlackClock "0:00:11"]

1. d4 g6 2. c4 Bg7 3. e4 d6 4. h3 Nd7 5. Nf3 e5 6. d5 Ne7 7. Nc3 O-O 8. g4 a5 9. Bg5 Nc5 10. Rg1 Qe8 11. h4 h6 12. Be3 Kh7 13. h5 g5 14. Nd2 c6 15. f3 cxd5 16. cxd5 Bd7 17. Nc4 Nc8 18. Nxd6 Nxd6 19. Bxc5 Qb8 20. a4 Rc8 21. Be3 Nc4 22. Bxc4 Rxc4 23. Qe2 Qc8 24. Kf2 Bf8 25. Kg3 Bc5 26. Qxc4 Bxe3 27. Qxc8 Rxc8 28. Rgd1 Kg7 29. Ra3 Kf8 30. Rb3 Rc7 31. Rd3 Bf4+ 32. Kf2 Ke8 33. d6 Rc4 34. Rxb7 f6 35. b3 Rc5 36. Rc7 Rc6 37. Rxc6 Bxc6 38. Nd5 Kd7 39. Nxf6+ Ke6 40. d7 Bxd7 41. Nxd7 1-0


[Site "https://www.chess.com"]

[Event "Titled Tuesday Blitz January 17 Early 2023"]
[White "Aizpurua, Patrick Emilio"]
[Black "Andreev, Konstantin"]
[WhiteFideId "6600522"]
[BlackFideId "24239305"]
[WhiteElo "2304"]
[BlackElo "2195"]
[Result "1-0"]
[Round "04"]
[TimeControl "180+2"]
[Date "2023.01.17"]
[WhiteClock "0:01:48"]
[BlackClock "0:00:51"]

1. Nf3 Nf6 2. b3 e6 3. Bb2 Be7 4. g3 O-O 5. Bg2 d5 6. O-O Nbd7 7. e3 c5 8. c4 b6 9. Qe2 Bb7 10. Nc3 a6 11. d4 cxd4 12. Nxd4 Nc5 13. Rad1 Qb8 14. cxd5 exd5 15. Nf5 Qc7 16. Nxd5 Nxd5 17. Bxd5 Bxd5 18. Rxd5 Rfd8 19. Rxd8+ Rxd8 20. Bxg7 Ne6 21. Ba1 Bc5 22. Qg4+ Kf8 23. Bg7+ Ke8 24. Bf6 Rd2 25. Qg8+ Bf8 26. Ng7+ Nxg7 27. Bxg7 Qc5 28. Bxf8 Qxf8 29. Qxh7 Qc5 30. Qg8+ Ke7 31. a4 Rb2 32. Rd1 Rxb3 33. Qd8+ Ke6 34. Qd7+ Kf6 35. Rd6+ Kg7 36. Qg4+ Kf8 37. Rd8+ Ke7 38. Rd7+ Kf6 39. Qf4+ Kg6 40. Qxf7+ Kg5 41. Rd5+ Kg4 42. Qf5# 1-0


[Site "https://www.chess.com"]

[Event "Titled Tuesday Blitz January 17 Early 2023"]
[White "Malyi, Viacheslav"]
[Black "Miszler, Levente"]
[WhiteFideId "14123983"]
[BlackFideId "763276"]
[WhiteElo "2391"]
[BlackElo "2271"]
[Result "1/2-1/2"]
[Round "04"]
[TimeControl "180+2"]
[Date "2023.01.17"]
[WhiteClock "0:01:06"]
[BlackClock "0:00:54"]

1. e4 c5 2. Nf3 Nc6 3. d4 cxd4 4. Nxd4 g6 5. c4 Bg7 6. Be3 d6 7. Nc3 Nf6 8. Be2 O-O 9. f3 Bd7 10. Qd2 Rc8 11. O-O a6 12. Rac1 Qc7 13. Nd5 Qd8 14. Rfd1 Nxd5 15. cxd5 Nxd4 16. Bxd4 Bxd4+ 17. Qxd4 Qa5 18. a3 Bb5 19. Bxb5 Qxb5 20. Qb4 Qxb4 21. axb4 Kg7 22. Kf2 Kf6 23. Ke3 e6 24. Kd4 e5+ 25. Ke3 Ke7 26. b3 Kd7 27. Rc4 b5 28. Rcc1 Rxc1 29. Rxc1 Rc8 30. Rxc8 Kxc8 31. f4 f6 32. Kf3 Kd7 33. g4 exf4 34. Kxf4 g5+ 35. Ke3 Ke7 36. Kd3 Kf7 37. Kd4 Kg6 38. Kd3 h5 39. h3 hxg4 40. hxg4 Kf7 41. Kc3 Ke7 42. Kb2 Kf7 43. Ka2 Ke7 44. Kb2 Kf7 45. Ka2 Ke7 46. Kb2 1/2-1/2


[Site "https://www.chess.com"]

[Event "Titled Tuesday Blitz January 17 Early 2023"]
[White "Saravana, Krishnan P."]
[Black "Perez Rodriguez, Jennifer"]
[WhiteFideId "5018382"]
[BlackFideId "3507831"]
[WhiteElo "2284"]
[BlackElo "2242"]
[Result "1-0"]
[Round "04"]
[TimeControl "180+2"]
[Date "2023.01.17"]
[WhiteClock "0:00:09"]
[BlackClock "0:00:09"]

1. e4 e5 2. Nf3 Nc6 3. Bb5 f5 4. d3 fxe4 5. dxe4 Nf6 6. Qe2 Bb4+ 7. Nbd2 d6 8. Bc4 Qe7 9. c3 Bc5 10. a4 a5 11. Nb3 Bb6 12. Bg5 Be6 13. Nfd2 O-O 14. f3 Nd8 15. O-O-O c6 16. Kc2 Bc7 17. h4 Kh8 18. h5 h6 19. Bh4 Bxc4 20. Nxc4 Ne6 21. g3 b5 22. axb5 cxb5 23. Ne3 Qf7 24. Bxf6 Qxf6 25. Nd2 b4 26. Nd5 Qf7 27. Rhf1 Qxh5 28. Rh1 Qg6 29. Rdg1 Bd8 30. f4 Qf7 31. f5 Nc5 32. Nc4 Be7 33. g4 Bg5 34. Rh5 Kg8 35. Rgh1 bxc3 36. Qh2 Nxe4 37. Nce3 Qxd5 38. Nxd5 cxb2 39. Rxg5 Rfc8+ 40. Kb1 hxg5 41. Ne7+ Kf7 42. Nxc8 Rb8 43. Qxb2 Rxb2+ 44. Kxb2 Nf2 45. Ra1 Kf6 46. Nxd6 Nxg4 47. Rf1 Ne3 48. Ne4+ Kf7 49. Rf3 Nd5 50. Nxg5+ Kf6 51. Ne4+ Kf7 52. Ra3 Ne7 53. Nd6+ Kf6 54. Rxa5 Nxf5 55. Nxf5 Kxf5 56. Kc2 Kf4 57. Kd2 g6 58. Ke2 g5 59. Ra4+ e4 60. Ra8 g4 61. Rf8+ Kg5 62. Rg8+ Kh4 63. Ke3 Kh3 64. Kf4 e3 65. Rxg4 e2 66. Rg3+ Kh2 67. Re3 1-0


[Site "https://www.chess.com"]

[Event "Titled Tuesday Blitz January 17 Early 2023"]
[White "Pourkashiyan, Atousa"]
[Black "Osmak, Yuliia"]
[WhiteFideId "12502014"]
[BlackFideId "14101602"]
[WhiteElo "2282"]
[BlackElo "2440"]
[Result "0-1"]
[Round "04"]
[TimeControl "180+2"]
[Date "2023.01.17"]
[WhiteClock "0:00:11"]
[BlackClock "0:00:08"]

1. e4 Nc6 2. Nf3 d6 3. Bb5 Bg4 4. d4 a6 5. Bxc6+ bxc6 6. O-O Nf6 7. Nc3 e6 8. h3 Bh5 9. Re1 Be7 10. Bf4 O-O 11. Qd3 h6 12. Re3 Bg6 13. Qc4 d5 14. exd5 cxd5 15. Qxc7 Qxc7 16. Bxc7 Bxc2 17. Rc1 Bh7 18. Na4 Ne4 19. Nb6 Ra7 20. Ne5 Bd6 21. Bxd6 Nxd6 22. Rec3 Rb7 23. Nbd7 Rd8 24. Rc6 Nc4 25. Nxc4 dxc4 26. Nb6 Bd3 27. Nxc4 Bxc4 28. R6xc4 Rxb2 29. Ra4 Rd6 30. Rc8+ Kh7 31. Rc7 Kg6 32. g3 h5 33. Kg2 Rd2 34. Ra7 Rb6 35. d5 Rbb2 36. Rf4 Rxd5 37. Rfxf7 Rxa2 38. Rxg7+ Kf6 39. Raf7+ Ke5 40. h4 a5 41. Re7 Kd6 42. Rd7+ Kc5 43. Rc7+ Kd4 44. Rg5 a4 45. Re7 e5 46. Rxh5 a3 47. Ra7 e4 48. Kg1 Rxh5 49. Ra4+ Kd3 50. Kg2 Rc5 51. Kh3 Rxf2 52. Kg4 a2 53. Ra3+ Kd4 54. Ra4+ Rc4 55. Ra3 Rc3 56. Ra4+ Kd3 57. h5 Rc1 58. h6 a1=Q 59. Rxa1 Rxa1 60. h7 Rh1 61. Kg5 Rxh7 62. g4 Rb7 63. Kg6 Rg2 64. g5 Rxg5+ 65. Kf6 e3 66. Kxg5 e2 67. Kf5 e1=Q 68. Kf6 Qe2 0-1


[Site "https://www.chess.com"]

[Event "Titled Tuesday Blitz January 17 Early 2023"]
[White "Gutkin, Ilya"]
[Black "Ingebretsen, Jens E"]
[WhiteFideId "16203470"]
[BlackFideId "1522965"]
[WhiteElo "2273"]
[BlackElo "2342"]
[Result "1-0"]
[Round "04"]
[TimeControl "180+2"]
[Date "2023.01.17"]
[WhiteClock "0:00:07"]
[BlackClock "0:00:53"]

1. e4 e5 2. Nf3 Nc6 3. Bb5 a6 4. Bxc6 dxc6 5. Nc3 Qf6 6. d4 exd4 7. Qxd4 Bg4 8. Qxf6 Nxf6 9. Nd4 Bc5 10. Nb3 Bb4 11. f3 Be6 12. Bd2 O-O-O 13. O-O-O c5 14. a3 c4 15. Nd4 Rxd4 16. axb4 Rhd8 17. Be3 Rxd1+ 18. Rxd1 Rxd1+ 19. Kxd1 b5 20. Bd4 Kd7 21. Bxf6 gxf6 22. Ne2 f5 23. e5 c5 24. c3 Kc6 25. Nf4 Kb6 26. Kd2 a5 27. bxa5+ Kxa5 28. Nxe6 fxe6 29. g4 fxg4 30. fxg4 Kb6 31. h4 Kc6 32. Ke3 Kd7 33. Kf4 Ke7 34. Kg5 Kf7 35. Kh6 Kg8 36. g5 b4 37. g6 bxc3 38. bxc3 Kh8 39. g7+ Kg8 40. h5 Kf7 41. Kxh7 Ke7 42. g8=Q Kd7 43. Qf7+ Kc6 44. Qxe6+ Kb5 45. Kg6 Ka5 46. Qxc4 Kb6 47. e6 Kc6 48. e7 Kd7 49. Qxc5 Ke8 50. Kf6 Kd7 51. e8=Q+ Kxe8 52. Qa7 Kd8 53. Ke6 Kc8 54. Kd6 Kd8 55. Qa8# 1-0


[Site "https://www.chess.com"]

[Event "Titled Tuesday Blitz January 17 Early 2023"]
[White "Liu, Casper"]
[Black "Melian, Juan Sebastian"]
[WhiteFideId "1454153"]
[BlackFideId "3706575"]
[WhiteElo "2278"]
[BlackElo "2293"]
[Result "0-1"]
[Round "04"]
[TimeControl "180+2"]
[Date "2023.01.17"]
[WhiteClock "0:01:07"]
[BlackClock "0:01:48"]

1. d4 Nf6 2. c4 e6 3. Nc3 Bb4 4. e3 O-O 5. Bd3 Re8 6. Ne2 d5 7. O-O c5 8. cxd5 cxd4 9. Nxd4 Nxd5 10. Nxd5 Qxd5 11. Bd2 Bxd2 12. Qxd2 Bd7 13. Rac1 Nc6 14. Nb5 Rac8 15. Rfd1 a6 16. Qe2 axb5 17. Bxh7+ Kxh7 18. Rxd5 exd5 19. Qxb5 Nd4 20. Qd3+ Bf5 21. Rxc8 Rxc8 22. Qd2 Rc1+ 23. Qxc1 Ne2+ 24. Kf1 Nxc1 25. g4 Bxg4 26. f3 Bxf3 27. b4 Nxa2 28. b5 Be4 29. b6 Nc3 30. h4 Na4 31. h5 Nxb6 32. h6 Kxh6 0-1


[Site "https://www.chess.com"]

[Event "Titled Tuesday Blitz January 17 Early 2023"]
[White "surrenderPLS"]
[Black "Silva, Caio Henrique Angelico"]
[BlackFideId "22777210"]
[WhiteElo "2491"]
[BlackElo "2129"]
[Result "0-1"]
[Round "04"]
[TimeControl "180+2"]
[Date "2023.01.17"]
[WhiteClock "0:00:03"]
[BlackClock "0:00:11"]

1. e4 c6 2. d4 d5 3. e5 c5 4. Nf3 Nc6 5. dxc5 Bg4 6. c3 e6 7. Be3 Nge7 8. Bb5 Nf5 9. Bd4 Qc7 10. Nbd2 Be7 11. h3 Bxf3 12. Nxf3 Nxd4 13. Qxd4 O-O 14. Bxc6 Qxc6 15. b4 Qb5 16. a4 Qc6 17. Qe3 Rfc8 18. O-O a5 19. Nd4 Qd7 20. Nb5 b6 21. Nd6 Rcb8 22. cxb6 axb4 23. cxb4 Rxa4 24. Rxa4 Qxa4 25. Qc5 Kf8 26. Rc1 Qd7 27. Qc7 Qd8 0-1


[Site "https://www.chess.com"]

[Event "Titled Tuesday Blitz January 17 Early 2023"]
[White "Cella, Glaucio Dalla Cortt"]
[Black "Lorenzo De La Riva, Lazaro"]
[WhiteFideId "2119455"]
[BlackFideId "2268809"]
[WhiteElo "1894"]
[BlackElo "2404"]
[Result "1-0"]
[Round "04"]
[TimeControl "180+2"]
[Date "2023.01.17"]
[WhiteClock "0:01:21"]
[BlackClock "0:00:06"]

1. e4 c5 2. Nf3 Nc6 3. c3 d5 4. exd5 Qxd5 5. Na3 Bf5 6. d4 e6 7. Nb5 O-O-O 8. Be2 a6 9. Na3 cxd4 10. Nc4 Kb8 11. Bf4+ Ka7 12. cxd4 Bb4+ 13. Kf1 Nf6 14. Rc1 Rhe8 15. a3 Bf8 16. Bc7 Ne4 17. Nb6 Qa2 18. Nc4 Nxd4 19. Bb6+ Kb8 20. Nxd4 Bxa3 21. Bxd8 Rxd8 22. bxa3 Rd5 23. Ra1 Nc3 24. Rxa2 Nxd1 25. Nxf5 exf5 26. Ne3 Nxe3+ 27. fxe3 1-0


[Site "https://www.chess.com"]

[Event "Titled Tuesday Blitz January 17 Early 2023"]
[White "Cappai, Davide"]
[Black "Carrasco Miranda, Andres"]
[WhiteFideId "813338"]
[BlackFideId "3405990"]
[WhiteElo "2140"]
[BlackElo "2240"]
[Result "1-0"]
[Round "04"]
[TimeControl "180+2"]
[Date "2023.01.17"]
[WhiteClock "0:01:02"]
[BlackClock "0:00:10"]

1. b3 d5 2. Bb2 Bf5 3. f4 e6 4. Nf3 Nf6 5. g3 c5 6. Bg2 Nc6 7. O-O Be7 8. d3 h6 9. e3 O-O 10. Nbd2 Bh7 11. Qe2 b5 12. Ne5 Nxe5 13. fxe5 Nd7 14. a4 b4 15. e4 c4 16. dxc4 dxc4 17. Nxc4 Nb6 18. Rad1 Qc7 19. Nxb6 axb6 20. Kh1 Rac8 21. Rd2 Bg5 22. Rd6 Qxc2 23. Qxc2 Rxc2 24. Bd4 b5 25. a5 Ra2 26. a6 Rc8 27. h4 Rcc2 28. Bf3 Be7 29. Rd7 Kf8 30. a7 g5 31. hxg5 hxg5 32. g4 Bg6 33. Rb7 Rd2 34. Bg1 Kg7 35. Rxe7 1-0


[Site "https://www.chess.com"]

[Event "Titled Tuesday Blitz January 17 Early 2023"]
[White "Wilson, Elvin"]
[Black "Kamalidenova, Meruert"]
[WhiteFideId "2014874"]
[BlackFideId "13712802"]
[WhiteElo "2183"]
[BlackElo "2350"]
[Result "0-1"]
[Round "04"]
[TimeControl "180+2"]
[Date "2023.01.17"]
[WhiteClock "0:00:01"]
[BlackClock "0:01:05"]

1. c4 Nf6 2. g3 g6 3. Bg2 Bg7 4. Nc3 e5 5. e4 O-O 6. Nge2 d6 7. O-O Nc6 8. d3 Be6 9. h3 a6 10. Be3 Qd7 11. Kh2 Rab8 12. Qd2 b5 13. b3 Ne7 14. Nd5 c6 15. Nxf6+ Bxf6 16. cxb5 axb5 17. d4 exd4 18. Bxd4 Bxd4 19. Nxd4 c5 20. Nc2 Nc6 21. Rad1 Rfd8 22. Ne3 Ra8 23. e5 Nxe5 24. f4 Nc6 25. Nd5 Bxd5 26. Qxd5 Nd4 27. Rd2 Ra6 28. Rfd1 Qa7 29. b4 Nf5 30. bxc5 Ne3 31. Qd3 Nxd1 32. Rxd1 Qxc5 33. Bd5 Ra3 34. f5 Rxd3 35. Rxd3 Qc2+ 0-1


[Site "https://www.chess.com"]

[Event "Titled Tuesday Blitz January 17 Early 2023"]
[White "Jiganchine, Roman"]
[Black "Jimenez Almeida, Luis David"]
[WhiteFideId "2603667"]
[BlackFideId "22242244"]
[WhiteElo "2205"]
[BlackElo "2242"]
[Result "0-1"]
[Round "04"]
[TimeControl "180+2"]
[Date "2023.01.17"]
[WhiteClock "0:00:16"]
[BlackClock "0:00:43"]

1. e4 Nf6 2. e5 Nd5 3. c4 Nb6 4. c5 Nd5 5. Nc3 e6 6. d4 Nxc3 7. bxc3 d6 8. cxd6 cxd6 9. Nf3 Nc6 10. exd6 Bxd6 11. Bd3 h6 12. O-O Ne7 13. Re1 Qc7 14. Bd2 b6 15. Ne5 O-O 16. Qg4 Nf5 17. a4 Rd8 18. h4 Kh8 19. h5 a6 20. Rab1 Ra7 21. Be4 Bxe5 22. Bxf5 exf5 23. Qf3 Bd6 24. Re2 Be6 25. Rbe1 Raa8 26. d5 Bxd5 27. Qxf5 Be6 28. Qf3 Rac8 29. Bxh6 Qxc3 30. Re3 Qf6 31. Qxf6 gxf6 32. R3e2 Kh7 33. Be3 b5 34. axb5 axb5 35. Rb2 b4 36. Reb1 b3 0-1


[Site "https://www.chess.com"]

[Event "Titled Tuesday Blitz January 17 Early 2023"]
[White "Ruiz Aguilar, Pablo Alexander"]
[Black "Berezin, Viktor"]
[WhiteFideId "4401352"]
[BlackFideId "14107872"]
[WhiteElo "2161"]
[BlackElo "2307"]
[Result "0-1"]
[Round "04"]
[TimeControl "180+2"]
[Date "2023.01.17"]
[WhiteClock "0:00:11"]
[BlackClock "0:00:04"]

1. e4 g6 2. d4 Bg7 3. Nf3 d6 4. h3 Nf6 5. Nc3 O-O 6. Bd3 Nc6 7. O-O e5 8. d5 Ne7 9. Bg5 h6 10. Be3 Nh5 11. Nh2 Nf4 12. Ng4 f5 13. Nh2 Nxd3 14. cxd3 f4 15. Bd2 c5 16. a4 g5 17. f3 h5 18. Kf2 Rb8 19. Rh1 a6 20. Nf1 b5 21. axb5 axb5 22. Ke1 c4 23. dxc4 bxc4 24. Ra2 Ng6 25. Qe2 Nh4 26. Rh2 g4 27. hxg4 hxg4 28. Kd1 Qg5 29. Kc2 Rf7 30. Rh1 Rfb7 31. Nh2 g3 32. Nf1 Kf7 33. Bc1 Bf6 34. Nd2 Bd7 35. Nxc4 Ke7 36. Na5 Rc7 37. Kb1 Rxc3 38. Ka1 Rc7 39. Nc6+ Bxc6 40. dxc6 Qg8 41. Qa6 Qb3 42. Qe2 Rxc6 43. Bxf4 exf4 44. e5 Bxe5 45. Qe4 Qxa2+ 46. Kxa2 Rxb2+ 47. Ka3 Ra6+ 48. Qa4 Rxa4+ 49. Kxa4 Bf6 50. Re1+ Kf7 51. Re4 Rxg2 52. Rxf4 Rf2 53. Rg4 Rxf3 54. Kb5 g2 55. Kc6 Rf1 56. Rxg2 Nxg2 57. Kxd6 Re1 58. Kc5 Ke6 59. Kb4 Nf4 60. Kb3 Bh4 61. Kc2 Kd5 62. Kd2 Re8 63. Kc2 Kd4 64. Kb3 Rc8 65. Kb4 Nd3+ 66. Ka5 Be1+ 67. Kb6 Bh4 68. Kb7 Rc1 69. Kb6 Kd5 70. Kb5 Rb1+ 71. Ka4 Kc4 72. Ka5 Kc5 73. Ka6 Rb5 74. Ka7 Rb6 75. Ka8 Kc6 76. Ka7 Rb5 77. Ka6 Nb4+ 78. Ka7 Ra5+ 79. Kb8 Bg3+ 80. Kc8 Ra8# 0-1


[Site "https://www.chess.com"]

[Event "Titled Tuesday Blitz January 17 Early 2023"]
[White "Balabayeva, Xeniya"]
[Black "Fathy, Elameir"]
[WhiteFideId "13719688"]
[BlackFideId "10600396"]
[WhiteElo "2191"]
[BlackElo "2300"]
[Result "1/2-1/2"]
[Round "04"]
[TimeControl "180+2"]
[Date "2023.01.17"]
[WhiteClock "0:00:47"]
[BlackClock "0:00:15"]

1. e4 c5 2. Nf3 d6 3. Bb5+ Nd7 4. O-O a6 5. Bd3 Ngf6 6. Re1 e6 7. a4 b6 8. c3 Be7 9. Bc2 O-O 10. d4 Bb7 11. e5 dxe5 12. dxe5 Nd5 13. Qd3 g6 14. Bh6 Re8 15. Nbd2 Qc7 16. h4 Rad8 17. Qe2 Bf8 18. Bxf8 Nxf8 19. g3 Qc6 20. h5 Nxc3 21. bxc3 Rxd2 22. Qxd2 Qxf3 23. Kf1 Qh1+ 24. Ke2 Qf3+ 25. Kf1 Qh1+ 26. Ke2 Qf3+ 27. Kf1 1/2-1/2


[Site "https://www.chess.com"]

[Event "Titled Tuesday Blitz January 17 Early 2023"]
[White "Danielyan, Vahe"]
[Black "Sargissyan, Sargis"]
[WhiteFideId "13304828"]
[BlackFideId "13303210"]
[WhiteElo "2346"]
[BlackElo "2234"]
[Result "0-1"]
[Round "04"]
[TimeControl "180+2"]
[Date "2023.01.17"]
[WhiteClock "0:01:42"]
[BlackClock "0:01:18"]

1. d4 Nf6 2. Nc3 d5 3. Bf4 a6 4. e3 e6 5. Nf3 c5 6. Be2 b5 7. dxc5 Bxc5 8. O-O O-O 9. h3 Nbd7 10. a4 b4 11. Nb1 Bb7 12. Nbd2 a5 13. Nb3 Be7 14. Nbd4 Qb6 15. Bh2 Ba6 16. Bxa6 Qxa6 17. Nb5 Qb6 18. Nfd4 Rac8 19. Kh1 Rfd8 20. Rc1 Nc5 21. Ra1 Nce4 22. f3 Nd6 23. Bg1 Nxb5 24. Nxb5 Bc5 25. Qd3 e5 26. Rad1 e4 27. Qd2 exf3 28. gxf3 Nh5 29. Qg2 Qh6 30. Qg6 0-1


[Site "https://www.chess.com"]

[Event "Titled Tuesday Blitz January 17 Early 2023"]
[White "Bychkov, Vladimir"]
[Black "Sai Han Thiha"]
[WhiteFideId "24151513"]
[BlackFideId "13012290"]
[WhiteElo "2225"]
[BlackElo "2070"]
[Result "1-0"]
[Round "04"]
[TimeControl "180+2"]
[Date "2023.01.17"]
[WhiteClock "0:00:25"]
[BlackClock "0:00:02"]

1. d4 Nf6 2. c4 e6 3. Nf3 Bb4+ 4. Nbd2 b6 5. g3 Bb7 6. Bg2 O-O 7. O-O a5 8. Qc2 d6 9. Nb1 Be4 10. Qb3 Nc6 11. a3 a4 12. Qe3 Ba5 13. Nc3 Bxc3 14. Qxc3 Na5 15. Bf4 d5 16. c5 bxc5 17. dxc5 Nb3 18. Rad1 c6 19. Bd6 Re8 20. Qe3 Nd7 21. Nd2 Nxd2 22. Rxd2 Bxg2 23. Kxg2 Qa5 24. h4 e5 25. h5 Re6 26. Rh1 h6 27. Rc2 Ra7 28. Rh4 Rb7 29. Qf3 Rb3 30. Qg4 Nf6 31. Qxa4 Qxa4 32. Rxa4 Ne4 33. Ra8+ Kh7 34. Bf8 d4 35. a4 Nf6 36. a5 Re8 37. Rxe8 Nxe8 38. Bd6 Rb5 39. Bxe5 Rxa5 40. b4 Rb5 41. Rc4 f6 42. Bf4 Kg8 43. Rxd4 Kf7 44. e4 Ke6 45. Kf3 Rb7 46. g4 Ra7 47. Kg2 Ra3 48. f3 Rb3 49. Kg3 Ke7 50. Bd2 Ke6 51. Kf2 Ke7 52. Bf4 Ke6 53. Rd8 1-0


[Site "https://www.chess.com"]

[Event "Titled Tuesday Blitz January 17 Early 2023"]
[White "Iljin, Timofey"]
[Black "Houska, Jovanka"]
[WhiteFideId "14110180"]
[BlackFideId "405094"]
[WhiteElo "2329"]
[BlackElo "2338"]
[Result "1-0"]
[Round "04"]
[TimeControl "180+2"]
[Date "2023.01.17"]
[WhiteClock "0:00:14"]
[BlackClock "0:00:03"]

1. e4 c6 2. d4 d5 3. e5 Bf5 4. h4 h5 5. Bg5 Qb6 6. Bd3 Bxd3 7. Qxd3 e6 8. Nd2 c5 9. c3 Nc6 10. Ngf3 Nge7 11. O-O Nf5 12. dxc5 Bxc5 13. b4 Be7 14. a4 Bxg5 15. hxg5 O-O 16. Nb3 Qc7 17. Rfe1 Rac8 18. Rac1 Nce7 19. Nbd2 Rfd8 20. Nd4 Nxd4 21. cxd4 Qxc1 22. Rxc1 Rxc1+ 23. Kh2 Rdc8 24. Qb5 Nf5 25. Nb3 R1c2 26. Qxb7 R8c3 27. Nc5 Nxd4 28. Qxa7 Rxf2 29. Nd7 Rcc2 30. Qxd4 Rxg2+ 31. Kh3 Rgd2 32. Qe3 d4 33. Qf4 Rd3+ 34. Kh4 Rcc3 35. Kxh5 Rh3+ 36. Kg4 d3 37. Qd4 Rg3+ 38. Kxg3 d2+ 39. Kf2 1-0


[Site "https://www.chess.com"]